 Dungeon Sprint DCSS version 0.22-a0-422-g9628fc8 (webtiles) character file.

255 Kidiri the Covert (level 5, -2/27 HPs)
             Began as a Spriggan Enchanter on May 23, 2018.
             Slain by a neqoxec (9 damage)
             ... in the Dungeon (Sprint II: "The Violet Keep of Menkaure").
             The game lasted 00:00:26 (32 turns).

Kidiri the Covert (Spriggan Enchanter)                Turns: 32, Time: 00:00:27

Health: -2/27      AC:  2    Str:  4      XL:     5   Next: 91%
Magic:  8/15       EV: 23    Int: 14 (17) God:
Gold:   0          SH:  0    Dex: 17      Spells: 16/17 levels left

rFire    . . .     SeeInvis +   a - +1 dagger
rCold    . . .     Gourm    .   (shield restricted)
rNeg     . . .     Faith    .   b - +0 robe
rPois    .         Spirit   .   (helmet restricted)
rElec    .         Reflect  .   (no cloak)
rCorr    .         Harm     .   (gloves unavailable)
MR       .....     Rnd*Rage +   (boots unavailable) Stlth ++++......NoTele +
                                (no amulet)
HPRegen  0.09/turn              (no ring)
MPRegen  0.14/turn              (no ring)

@: berserk cooldown, slowed, quick
A: very small, unfitting armour, talons 1, see invisible, berserk 1, herbivore,
speed 3, slow metabolism 2, subdued magic 1
a: no special abilities


You were in the Dungeon.
You were not hungry.

You visited 1 branch

Inventory:

Hand Weapons
 a - a +1 dagger (weapon)
Armour
 b - a +0 robe (worn)
Scrolls
 j - a scroll of blinking
Potions
 e - a potion of curing
 f - a potion of heal wounds
 g - a potion of haste
 h - 2 potions of magic
Comestibles
 d - a ration


   Skills:
 + Level 2.7 Fighting
 * Level 5.7 Short Blades
 + Level 2.5 Armour
 * Level 8.0 Dodging
 * Level 9.3 Stealth
 * Level 6.8 Spellcasting
 + Level 5.6 Hexes


You had 16 spell levels left.
You knew the following spells:

 Your Spells              Type           Power        Failure   Level  Hunger
a - Corona                Hex            ###....      1%          1    None

Your spell library contained the following spells:

 Spells                   Type           Power        Failure   Level  Hunger
 Confuse                  Hex            ###.....     3%          3    ##.....
 Tukima's Dance           Hex            ###.....     3%          3    ##.....
 Ensorcelled Hibernation  Hex/Ice        #.....       5%          2    #......
 Dazzling Spray           Conj/Hex       #.....       12%         3    ##.....


Dungeon Overview and Level Annotations

Branches:
Dungeon (1/1)

Altars:


Innate Abilities, Weirdness & Mutations

You are very small and have problems with some larger weapons.
You are too small for most types of armour.
You have supernaturally acute eyesight. (SInv)
You are a herbivore.
You cover ground extremely quickly.
You need to consume almost no food.
You have sharp toenails.
You tend to lose your temper in combat.
Your spells are a little easier to cast, but a little less powerful.


Message History

The neqoxec is almost dead.
The neqoxec closely misses you.
A crocodile comes into view.
You hit the neqoxec but do no damage.
You kill the neqoxec!
The quasit disappears in a puff of smoke!
The shadow imp disappears in a puff of smoke!
You feel your intelligence returning.
Your Short Blades skill increases to level 5!
Your Armour skill increases to level 2!
Your Dodging skill gained 2 levels and is now at level 8!
Your Stealth skill gained 2 levels and is now at level 9!
Your Spellcasting skill increases to level 6!
You have reached level 5!
You feel clever.
You barely miss the neqoxec. The neqoxec barely misses you.
Unknown command.
You completely miss the neqoxec. You claw the neqoxec, but do no damage.
The neqoxec hits you!
You die...

#+#
##.##
+.<.+
##.##
##'#
##.##
#@##
##33.#
#t##
5≈≈
+++


You could see 2 neqoxecs, a crocodile and a quasit.

Vanquished Creatures
  2 neqoxecs (D)
2 creatures vanquished.

Notes
Turn   | Place    | Note
-------+----------+-------------------------------------------
     0 | D        | Kidiri the Spriggan Enchanter began the quest for the Orb.
     0 | D        | Reached XP level 1. HP: 9/9 MP: 5/5
     1 | D        | Noticed a neqoxec
     5 | D        | Gained mutation: You tend to lose your temper in combat. [a neqoxec]
     8 | D        | Killed a neqoxec
     8 | D        | Reached skill level 1 in Armour
     8 | D        | Reached skill level 7 in Stealth
     8 | D        | Reached skill level 5 in Spellcasting
     8 | D        | Reached skill level 5 in Hexes
     8 | D        | Reached XP level 2. HP: 15/15 MP: 4/9
     8 | D        | Reached XP level 3. HP: 18/18 MP: 4/11
     8 | D        | Reached XP level 4. HP: 23/23 MP: 4/12
    11 | D        | Noticed a neqoxec
    11 | D        | Noticed a neqoxec
    11 | D        | Noticed a neqoxec
    16 | D        | Gained mutation: You have sharp toenails. [a neqoxec]
    24 | D        | Gained mutation: Your spells are a little easier to cast, but a little less powerful. [a neqoxec]
    29 | D        | Noticed a crocodile
    30 | D        | Killed a neqoxec
    30 | D        | Reached skill level 5 in Short Blades
    30 | D        | Reached skill level 9 in Stealth
    30 | D        | Reached XP level 5. HP: 7/27 MP: 8/15
    32 | D        | Slain by a neqoxec

Vault maps used:
D:        the_violet_keep_of_menkaure

Skill      XL: |  1  2  3  4 |
---------------+-------------+-----
Fighting       | 2 |  2.7
Short Blades   | 4 5 |  5.7
Armour         | 1 2 |  2.5
Dodging        | 6 8 |  8.0
Stealth        | 7 9 |  9.3
Spellcasting   | 5 6 |  6.8
Hexes          | 5 |  5.6

Action                   |  1- 3 |  4- 6 || total
-------------------------+-------+-------++-------
Melee: Dagger            |     5 |    21 ||    26
       Kick              |       |     6 ||     6
 Cast: Corona            |     1 |       ||     1
  Use: Potion            |     1 |       ||     1
Armor: Robe              |       |     1 ||     1
Dodge: Dodged            |     2 |     9 ||    11

Table legend:
 A = Spawn XP
 B = Non-spawn XP
 C = Spawn XP percentage of total XP
 D = Spawn monster count
 E = Non-spawn monster count
 F = Spawn count percentage of total count
 G = Total turns spent on level
                    A         B        C        D         E        F      G
               +---------+---------+-------+---------+---------+-------+---------
         Total |       0 |     365 |   0.0 |       0 |       2 |   0.0 |    32
               +---------+---------+-------+---------+---------+-------+---------
             D |       0 |     365 |   0.0 |       0 |       2 |   0.0 |    32
               +---------+---------+-------+---------+---------+-------+---------
